 Dungeon Crawl Stone Soup version 0.30-a0-371-gad7725a93e (webtiles) character file.

Game seed: 14655175799744047053

407 McGhostyFace the Ducker (level 6, -2/79 HPs)
             Began as a Gnoll Wanderer on Nov 22, 2022.
             Slain by Eustachio
             ... wielding a +2 rapier of venom
              (7 damage)
             ... on level 4 of the Dungeon.
             The game lasted 00:10:42 (3291 turns).

McGhostyFace the Ducker (Gnoll Wanderer)            Turns: 3291, Time: 00:10:43

Health: -2/79      AC: 23    Str: 11    XL:     6   Next: 88%
Magic:  9/9        EV:  2    Int: 10    God:
Gold:   138        SH:  5    Dex: 15    Spells: 9/9 levels left

rFire   + . .      SeeInvis .    l - +1 short sword (elec)
rCold   x . .      Faith    .    c - +0 buckler
rNeg    . . .      Spirit   .    (body armour currently unavailable)
rPois   +          Reflect  .    (helmet currently unavailable)
rElec   .          Harm     .    (cloak currently unavailable)
rCorr   .          Rampage  .    (gloves currently unavailable)
Will    .....      NoTele   +    (boots currently unavailable)
Stlth   ++........               (no amulet)
HPRegen 0.33/turn                n - ring of fire
MPRegen 0.11/turn                (no ring)

@: lethally poisoned (-2 -> -8), tree-form, weak-willed, on berserk cooldown,
slowed, very slow
A: stationary, stasis, torment immunity, boosted hp, (fangs 1), strong nose,
distributed training
a: no special abilities


You were on level 4 of the Dungeon.
You were a tree.
You visited 1 branch of the dungeon, and saw 4 of its levels.

You collected 138 gold pieces.

Inventory:

Hand Weapons
 a - a +0 short sword of flaming
 l - a +1 short sword of electrocution (weapon)
Missiles
 q - 3 silver javelins
 v - 3 boomerangs (quivered)
 w - 4 javelins
Armour
 b - a +2 leather armour (melded)
 c - a +0 buckler (worn)
 m - a +2 helmet (melded)
Jewellery
 n - a ring of fire (left branch)
 u - a ring of magical power
Scrolls
 e - 8 scrolls of noise
 g - 5 scrolls of teleportation
 i - a scroll of torment {unknown}
 r - a scroll of amnesia
 t - a scroll of identify
Potions
 f - 2 potions of berserk rage
 o - 2 potions of magic


   Skills:
 + Level 6.9 Fighting
 + Level 3.4 Short Blades
 + Level 2.2 Long Blades
 + Level 2.2 Axes
 + Level 2.2 Maces & Flails
 + Level 2.2 Polearms
 + Level 2.2 Staves
 + Level 2.2 Ranged Weapons
 + Level 2.2 Throwing
 + Level 2.2 Armour
 + Level 6.9 Dodging
 + Level 2.2 Stealth
 + Level 3.4 Shields
 + Level 2.2 Unarmed Combat
 + Level 2.2 Spellcasting
 + Level 1.8 Conjurations
 + Level 1.8 Hexes
 + Level 1.8 Summonings
 + Level 1.8 Necromancy
 + Level 1.8 Translocations
 + Level 1.8 Transmutations
 + Level 1.8 Fire Magic
 + Level 1.8 Ice Magic
 + Level 1.8 Air Magic
 + Level 1.8 Earth Magic
 + Level 1.8 Poison Magic
 + Level 3.6 Invocations
 + Level 3.4 Evocations


You had 9 spell levels left.
You didn't know any spells.
Your spell library contained the following spells:

 Spells                   Type           Power      Damage    Failure   Level
 Kiss of Death            Conj/Necr      16%        2d6       19%         1
 Confusing Touch          Hex            4%         N/A       50%         3
 Inner Flame              Hex/Fire       7%         N/A       50%         3
 Cause Fear               Hex            2%         N/A       88%         4
 Dispel Undead            Necr           4%         3d7       88%         4
 Discord                  Hex            2%         N/A       100%        8


Dungeon Overview and Level Annotations

Branches:
Dungeon (4/15)
 Temple: D:4-7

Altars:
Yredelemnul

Shops:
D:1 ?

Annotations:
D:4 1 runed translucent door, Eustachio


Innate Abilities, Weirdness & Mutations

You are a tree.
Your roots penetrate the ground, keeping you stationary.
You cannot be teleported.
You are immune to unholy pain and torment.
Your maximum health is greatly increased.
Your equipment is partially melded.
((You have very sharp teeth.))
Your uncanny sense of smell can sniff out nearby items.
Your experience applies equally to all skills.


Message History

* * * LOW HITPOINT WARNING * * *
Eustachio barely misses you.
You closely miss Eustachio.
Eustachio is moderately wounded.
You feel sick. You block the bat's attack.
The quokka bites you but does no damage.
Eustachio utters an oath, "I will die for my friends!"
Eustachio hits you but does no damage. You block the quokka's attack.
The bat hits you but does no damage.
You cannot teleport because you are held in place by your roots.
Unknown command.
As you read the scroll labelled TEILICEEPT, it crumbles to dust.
You cannot blink because you are held in place by your roots.
It was a scroll of blinking.
You feel sick.
The bat hits you but does no damage. x3; The quokka barely misses you.
Eustachio hits you but does no damage. The bat hits you but does no damage.
Eustachio hits you with a +2 rapier of venom.
* * * LOW HITPOINT WARNING * * *
The quokka bites you but does no damage.
Okay, then.
As you read the scroll labelled URREDE ACOICK, it crumbles to dust.
Wisps of shadow whirl around you...
It was a scroll of summoning.
You feel sick.
You are no longer poisoned.
The bat hits you but does no damage. x2; You block the bat's attack.
The bat hits you but does no damage.
The quokka bites you but does no damage.
Eustachio hits you but does no damage.
You are lethally poisoned!
The bat hits you but does no damage. You block the quokka's attack.
As you read the scroll labelled KUUTSOCZINA, it crumbles to dust.
Magic quickly surges around you.
It was a scroll of vulnerability.
* * * LOW HITPOINT WARNING * * *
You feel very sick. You block the bat's attack.
Eustachio hits you but does no damage. The quokka barely misses you.
Your howler monkey hits the quokka but does no damage.
The bat hits you but does no damage.
Eustachio hits you with a +2 rapier of venom!
You die...

##########
....rr@♣b#
########r#
#h# #.#
#.# #.# #.
#.# #.#
#.# #.#
#.#


You could see Eustachio (weak-willed), a river rat (summoned, weak-willed), 2
quokkas, a bat (summoned, weak-willed) and a friendly howler monkey (summoned,
weak-willed).

Vanquished Creatures
  2 wights (D:4)
  3 jellies (D:2)
  An iguana (D:2)
  A human skeleton (D:4)
  Natasha (D:4)
  Robin (D:2)
  2 adders
  A worm (D:3)
  2 dart slugs
  4 bats
  14 endoplasms
  11 goblins
  9 hobgoblins
  8 jackals
  7 quokkas
  2 ball pythons
  A frilled lizard (D:2)
  A goblin skeleton (D:4)
  15 kobolds
  4 rats
90 creatures vanquished.

Vanquished Creatures (others)
  10 fungi (D:2)
  5 toadstools (D:2)
15 creatures vanquished.

Grand Total: 105 creatures vanquished

Notes
Turn   | Place    | Note
-------+----------+-------------------------------------------
     0 | D:1      | McGhostyFace the Gnoll Wanderer began the quest for the
                  | Orb.
     0 | D:1      | McGhostyFace set off with the following items: a +0 short
                  | sword, a +2 leather armour, a +0 buckler, a potion of
                  | curing.
     0 | D:1      | Reached XP level 1. HP: 23/23 MP: 2/2
    74 | D:1      | Found Ceteyc's Magic Scroll Boutique.
   349 | D:1      | Reached XP level 2. HP: 29/29 MP: 3/3
   718 | D:1      | HP: 1/29 [goblin/+0 club (2)]
   727 | D:1      | HP: 1/29 [quokka (1)]
  1022 | D:2      | Reached XP level 3. HP: 35/35 MP: 4/4
  1100 | D:2      | Reached skill level 1 in Long Blades
  1100 | D:2      | Reached skill level 1 in Axes
  1100 | D:2      | Reached skill level 1 in Maces & Flails
  1100 | D:2      | Reached skill level 1 in Polearms
  1100 | D:2      | Reached skill level 1 in Staves
  1100 | D:2      | Reached skill level 1 in Ranged Weapons
  1100 | D:2      | Reached skill level 1 in Throwing
  1100 | D:2      | Reached skill level 1 in Armour
  1100 | D:2      | Reached skill level 1 in Stealth
  1100 | D:2      | Reached skill level 1 in Unarmed Combat
  1100 | D:2      | Reached skill level 1 in Spellcasting
  1100 | D:2      | Reached XP level 4. HP: 41/41 MP: 6/6
  1326 | D:2      | Reached skill level 1 in Conjurations
  1326 | D:2      | Reached skill level 1 in Hexes
  1326 | D:2      | Reached skill level 1 in Summonings
  1326 | D:2      | Reached skill level 1 in Necromancy
  1326 | D:2      | Reached skill level 1 in Translocations
  1326 | D:2      | Reached skill level 1 in Transmutations
  1326 | D:2      | Reached skill level 1 in Fire Magic
  1326 | D:2      | Reached skill level 1 in Ice Magic
  1326 | D:2      | Reached skill level 1 in Air Magic
  1326 | D:2      | Reached skill level 1 in Earth Magic
  1326 | D:2      | Reached skill level 1 in Poison Magic
  1373 | D:2      | HP: 1/41 [acid (8)]
  1378 | D:2      | Reached XP level 5. HP: 15/47 MP: 7/7
  1770 | D:2      | Noticed Robin
  1815 | D:2      | Killed Robin
  2061 | D:3      | Reached XP level 6. HP: 53/53 MP: 8/8
  2258 | D:3      | Found a faded altar of an unknown god.
  3141 | D:4      | Found a runed translucent door.
  3141 | D:4      | Noticed a human
  3149 | D:4      | Found a basalt altar of Yredelemnul.
  3206 | D:4      | Noticed Natasha
  3218 | D:4      | Killed Natasha
  3257 | D:4      | Noticed Eustachio
  3291 | D:4      | Slain by Eustachio

Illustrated notes

Levels and vault maps discovered:
D:1:      sevenhm_arrival_forest_fort_small_5, layout_basic, serial_shops,
          shop_scrolls, minmay_misc_feat_columns
D:2:      cheibrodos_fertilizer, layout_basic, uniq_robin
D:3:      layout_basic, shapermc_ecumenical_altar_venn
D:4:      layout_basic, mainiacjoe_overflow_alcove_1, dk_yredelemnul_ordeal,
          uniq_eustachio, uniq_natasha

Skill      XL: |  1  2  3  4  5  6 |
---------------+-------------------+-----
Long Blades    | 1 2 |  2.2
Axes           | 1 2 |  2.2
Maces & Flails | 1 2 |  2.2
Polearms       | 1 2 |  2.2
Staves         | 1 2 |  2.2
Ranged Weapons | 1 2 |  2.2
Throwing       | 1 2 |  2.2
Armour         | 1 2 |  2.2
Stealth        | 1 2 |  2.2
Unarmed Combat | 1 2 |  2.2
Spellcasting   | 1 2 |  2.2
Conjurations   | 1 |  1.8
Hexes          | 1 |  1.8
Summonings     | 1 |  1.8
Necromancy     | 1 |  1.8
Translocations | 1 |  1.8
Transmutations | 1 |  1.8
Fire Magic     | 1 |  1.8
Ice Magic      | 1 |  1.8
Air Magic      | 1 |  1.8
Earth Magic    | 1 |  1.8
Poison Magic   | 1 |  1.8
Invocations    | 3 |  3.6
Short Blades   | 3 |  3.4
Shields        | 3 |  3.4
Evocations     | 3 |  3.4
Fighting       | |  6.9
Dodging        | |  6.9

Action                   |  1- 3 |  4- 6 || total
-------------------------+-------+-------++-------
Melee: Short sword       |    77 |   230 ||   307
       Bite              |     6 |    24 ||    30
Throw: Boomerang         |       |     7 ||     7
  Use: Scroll            |     2 |    10 ||    12
       Potion            |       |     6 ||     6
 Stab: Sleeping          |     2 |     1 ||     3
Armor: Leather armour    |    23 |    52 ||    75
       Skin              |       |    38 ||    38
Dodge: Dodged            |    33 |   125 ||   158
Block: Buckler           |    16 |    50 ||    66

Table legend: (Time is in decaauts)
 A = Elapsed time spent in this place.
 B = Non-inter-level travel time spent in this place.
 C = Inter-level travel time spent in this place.
 D = Time resting spent in this place.
 E = Time spent auto-exploring this place.
 F = Levels seen in this place.
 G = Mean time per level.
                   A        B        C        D        E       F      G
               +--------+--------+--------+--------+--------+-----+--------+
         Total |   3269 |   3044 |    225 |    403 |   1989 |   4 |  817.2 |
       Dungeon |   3269 |   3044 |    225 |    403 |   1989 |   4 |  817.2 |
               +--------+--------+--------+--------+--------+-----+--------+

Top non-repeatable levels by time:
     D:2: 1023 daAuts
     D:1: 995 daAuts
     D:3: 847 daAuts
     D:4: 403 daAuts
